AoeStats
← Kanso

Arena

510134766Analyzed
1v1 RM · 2d ago on Sep 29, 2026· 32m 47s· 2 players
Game mode
Random Map
Map size
Tiny (2 player)
Population
200
Speed
Normal
Resources
Standard
Victory
Conquest
Starting age
Dark Age
Ending age
Imperial Age
RankedLock teamsTeams togetherTeam positionsShared explorationLock speedFull tech treeHidden civsTurbo modeCheats
Victory
Defeat
🇪🇪 Vikings · Estonia
1205
+15
🇱🇧 Cumans · Lebanon
1174
-15
Kanso
10:56 Feudal Age
14:58 Castle Age
13:48 Double-Bit Axe
15:10 Light Cavalry
16:56 Horse Collar
20:48 Wheelbarrow
22:41 Stone Mining
29:11 Imperial Age
26:30 Loom
27:22 Hand Cart
27:58 Bloodlines
27:59 Fletching
28:31 Padded Archer Armor
29:17 Ballistics
28:56 Bodkin Arrow
29:53 Leather Archer Armor
29:52 Forging
29:51 Scale Barding Armor
32:11 Ring Archer Armor
31:43 Hussar
32:56 Gold Mining
ุุ
10:32 Feudal Age
14:46 Castle Age
13:07 Double-Bit Axe
13:14 Horse Collar
15:59 Heavy Plow
19:10 Loom
21:04 Town Watch
23:48 Stone Mining
23:51 Gold Mining
28:44 Imperial Age
27:12 Gold Shaft Mining
26:56 Forging
26:46 Scale Mail Armor
26:38 Fletching
27:14 Masonry
27:13 Squires
26:59 Arson
28:08 Chieftains
28:37 Bow Saw
29:25 Chain Mail Armor
30:03 Conscription
33:20 Iron Casting
Connection lost

Rejoining the realm…

Still unreachable

The connection could not be restored.

Session expired

The server has moved on; the page needs a fresh start.